 Dungeon Crawl Stone Soup version 0.30-a0-782-ge64f9170bb (webtiles) character file.

Game seed: 17957577509619286808

30 mopl the Ducker (level 3, -1/28 HPs)
             Began as a Merfolk Warper on Mar 9, 2023.
             Slain by Jessica
             ... wielding a +0 dagger
              (3 damage)
             ... on level 2 of the Dungeon.
             The game lasted 00:01:18 (1141 turns).

mopl the Ducker (Merfolk Warper)                    Turns: 1141, Time: 00:01:19

Health: -1/28      AC:  3    Str: 13    XL:     3   Next: 18%
Magic:  6/6        EV: 12    Int: 12    God:
Gold:   82         SH:  0    Dex: 13    Spells: 6/6 levels left

rFire   . . .      SeeInvis .    a - +0 falchion
rCold   . . .      Faith    .    (no shield)
rNeg    . . .      Spirit   .    b - +0 leather armour
rPois   .          Reflect  .    (no helmet)
rElec   .          Harm     .    (no cloak)
rCorr   .          Rampage  .    (no gloves)
Will    .....                    (no boots)
Stlth   +                        (no amulet)
HPRegen 0.24/turn                (no ring)
MPRegen 0.10/turn                (no ring)

@: no status effects
A: (nimble swimmer 2), mertail
a: no special abilities


You were on level 2 of the Dungeon.
You visited 1 branch of the dungeon, and saw 2 of its levels.

You collected 82 gold pieces.

Inventory:

Hand Weapons
 a - a +0 falchion (weapon)
Missiles
 d - 7 boomerangs of dispersal (quivered)
Armour
 b - a +0 leather armour (worn)
 g - a +0 chain mail
Scrolls
 c - a scroll of blinking
 e - a scroll of fog {unknown}
 f - a scroll of torment {unknown}
 i - a scroll of amnesia {unknown}
 k - a scroll of identify {unknown}
 m - a scroll of enchant armour {unknown}
Potions
 h - a potion of curing {unknown}
 j - a potion of lignification {unknown}
 l - a potion of attraction {unknown}
 n - a potion of haste {unknown}
 o - a potion of heal wounds {unknown}


   Skills:
 + Level 2.4 Fighting
 * Level 3.0 Long Blades
 + Level 1.2 Throwing
 + Level 0.9 Armour
 + Level 3.1 Dodging
 + Level 2.1 Spellcasting
 + Level 2.5 Translocations


You had 6 spell levels left.
You didn't know any spells.
Your spell library contained the following spells:

 Spells                   Type           Power      Damage    Failure   Level
 Blink                    Tloc           14%        N/A       19%         2
 Lesser Beckoning         Tloc           14%        N/A       19%         2
 Teleport Other           Tloc           7%         N/A       36%         3
 Vhi's Electric Charge    Tloc/Air       8%         N/A       52%         3
 Manifold Assault         Tloc           7%         N/A       77%         4


Dungeon Overview and Level Annotations

Branches:
Dungeon (2/15)

Altars:

Annotations:
D:2 Jessica, Sigmund


Innate Abilities, Weirdness & Mutations

((You are very nimble when in or above water. (Stealth+, EV+, Speed+++)))
Your lower body shifts to a powerful aquatic tail in water.


Message History

There is a stone staircase leading up here.
HP restored.
There is an escape hatch in the floor here.
A kobold comes into view. It is wielding a +0 club.
The kobold shouts!
You hear a shout!
You hit the kobold.
You kill the kobold!
Jessica the Apprentice Sorceress comes into view.
She is wielding a +0 dagger.
Jessica closely misses you.
You barely miss Jessica.
A quokka comes into view.
Jessica misses you.
You barely miss Jessica. Jessica completely misses you.
You barely miss Jessica.
Jessica mumbles some strange words.
Jessica blinks!
You hit the quokka but do no damage. The quokka bites you.
You barely miss the quokka. The quokka barely misses you.
You hit the quokka.
You kill the quokka!
Jessica hits you with a +0 dagger.
You barely miss Jessica. Jessica hits you with a +0 dagger.
You barely miss Jessica. Jessica casts a spell at you.
Pain shoots through your body!
You are too injured to fight recklessly!
You are too injured to fight recklessly!
You are too injured to fight recklessly!
You are too injured to fight recklessly!
You completely miss Jessica. Jessica misses you.
You closely miss Jessica. Jessica hits you with a +0 dagger.
* * * LOW HITPOINT WARNING * * *
You hit Jessica but do no damage. Jessica hits you with a +0 dagger.
* * * LOW HITPOINT WARNING * * *
You hit Jessica but do no damage. Jessica misses you.
Jessica barely misses you.
You hit Jessica.
Jessica is severely wounded.
Jessica hits you with a +0 dagger.
You die...

####.####>####
#.........#
#.##.######
#.# #.#
#.####.#
#......####
#..###....##.#
#..#.).......#
#..#.#@..###.#
##.#.#@### #.#
#.. #.# ....
#.# #....
..#### ... ...


You could see Jessica.

Vanquished Creatures
  2 bats
  An endoplasm (D:1)
  5 hobgoblins (D:1)
  2 jackals (D:1)
  3 quokkas
  4 ball pythons
  3 frilled lizards
  2 goblins
  3 kobolds
  2 rats (D:1)
27 creatures vanquished.

Notes
Turn   | Place    | Note
-------+----------+-------------------------------------------
     0 | D:1      | mopl the Merfolk Warper began the quest for the Orb.
     0 | D:1      | Reached XP level 1. HP: 16/16 MP: 3/3
    69 | D:1      | Reached XP level 2. HP: 19/22 MP: 5/5
   124 | D:1      | Reached skill level 3 in Dodging
   733 | D:1      | Reached skill level 3 in Long Blades
   976 | D:2      | Reached XP level 3. HP: 28/28 MP: 6/6
  1026 | D:2      | Noticed Sigmund
  1126 | D:2      | Noticed Jessica
  1141 | D:2      | Slain by Jessica

Illustrated notes

Levels and vault maps discovered:
D:1:      dpeg_arrival_another_circle, layout_basic, serial_forest,
          infiniplex_forest_clump_small, infiniplex_forest_straight_3,
          infiniplex_forest_zigzag_1, infiniplex_forest_lined_3,
          infiniplex_forest_split, infiniplex_forest_end_double,
          infiniplex_forest_straight_3, infiniplex_forest_straight_1,
          infiniplex_forest_clump_C, grunt_decor_junction, minivault_4
D:2:      minmay_skewed_foursquare, layout_basic, st_stairs_8, uniq_sigmund,
          uniq_jessica

Skill      XL: |  1  2 |
---------------+-------+-----
Dodging        | 3 |  3.1
Long Blades    | 3 |  3.0
Fighting       | |  2.4
Throwing       | |  1.2
Armour         | |  0.9
Spellcasting   | |  2.1
Translocations | |  2.5

Action                     || total
---------------------------++-------
  Melee: Falchion          ||    80
         Punch             ||     1
 Armour: Leather armour    ||    21
  Dodge: Dodged            ||    57

Table legend: (Time is in decaauts)
 A = Elapsed time spent in this place.
 B = Non-inter-level travel time spent in this place.
 C = Inter-level travel time spent in this place.
 D = Time resting spent in this place.
 E = Time spent auto-exploring this place.
 F = Levels seen in this place.
 G = Mean time per level.
                   A        B        C        D        E       F      G
               +--------+--------+--------+--------+--------+-----+--------+
         Total |   1144 |   1065 |     79 |      0 |    838 |   2 |  572.0 |
       Dungeon |   1144 |   1065 |     79 |      0 |    838 |   2 |  572.0 |
               +--------+--------+--------+--------+--------+-----+--------+

Top non-repeatable levels by time:
     D:1: 990 daAuts
     D:2: 153 daAuts
